 Dungeon Crawl Stone Soup version 0.26.1-11-gd32895ea62 (webtiles) character file.

Game seed: 6731077371662383133

2533 dtburroughs the Skirmisher (level 9, -4/81 HPs)
             Began as a Minotaur Berserker on June 14, 2021.
             Was a High Priest of Trog.
             Killed from afar by an electric eel (10 damage)
             ... with a bolt of electricity
             ... on level 6 of the Dungeon.
             The game lasted 00:12:26 (6384 turns).

dtburroughs the Skirmisher (Minotaur Berserker)     Turns: 6384, Time: 00:12:26

Health: -4/81      AC: 13    Str: 21    XL:     9   Next: 30%
Magic:  2/2        EV: 10    Int:  7    God:    Trog [*****.]
Gold:   484        SH: 14    Dex: 11    Spells: 8/8 levels left

rFire    + . .     SeeInvis +   E - +1 broad axe (antimagic)
rCold    . . .     Faith    .   x - +0 tower shield
rNeg     . . .     Spirit   .   m - +2 chain mail {rF+}
rPois    .         Reflect  .   (helmet restricted)
rElec    .         Harm     .   (no cloak)
rCorr    .         Rampage  .   (no gloves)
Will     .....                  s - +0 pair of boots
Stlth    ..........             h - amulet of regeneration
HPRegen  0.63/turn              w - ring of see invisible
MPRegen  0.08/turn              v - +4 ring of evasion

@: studying Polearms
A: retaliatory headbutt, horns 2
a: Renounce Religion, Berserk, Trog's Hand, Brothers in Arms


You were on level 6 of the Dungeon.
You worshipped Trog.
Trog was extremely pleased with you.
You visited 1 branch of the dungeon, and saw 6 of its levels.

You collected 484 gold pieces.

Inventory:

Hand Weapons
 o - a +0 war axe
 y - a +0 vorpal flail
 E - a +1 antimagic broad axe (weapon)
Armour
 m - a +2 chain mail of fire resistance (worn)
 s - a +0 pair of boots (worn)
 x - a +0 tower shield (worn)
Jewellery
 g - an uncursed ring of flight
 h - an amulet of regeneration (around neck)
 v - a +4 ring of evasion (right hand)
 w - a ring of see invisible (left hand)
 A - a cursed -4 ring of strength {unknown}
 C - an uncursed ring of positive energy {unknown}
 D - a +4 ring of protection
Scrolls
 c - 5 scrolls of remove curse {unknown}
 d - 2 scrolls of random uselessness {unknown}
 e - 6 scrolls of identify {unknown}
 f - a scroll of noise {unknown}
 i - 2 scrolls of fear {unknown}
 j - 2 scrolls of teleportation {unknown}
 p - 2 scrolls of blinking {unknown}
 r - a scroll of fog {unknown}
 t - 2 scrolls of enchant armour {unknown}
Potions
 a - a potion of ambrosia {unknown}
 b - 3 potions of curing {unknown}
 k - 2 potions of might
 l - a potion of resistance
 n - 3 potions of heal wounds {unknown}
 u - 2 potions of brilliance {unknown}
 z - a potion of berserk rage
 B - a potion of attraction {unknown}
Books
 q - a manual of Polearms


   Skills:
 + Level 7.9 Fighting
 + Level 7.8 Axes
 + Level 7.2 Armour
 + Level 6.7 Dodging
 + Level 4.0 Shields
 + Level 2.9 Evocations


You had 8 spell levels left.
You didn't know any spells.
Your spell library was empty.

Dungeon Overview and Level Annotations

Branches:
Dungeon (6/15)             Temple (0/1) D:4

Altars:
Nemelex Xobeh
Qazlal
Ru
Uskayaw
Vehumet

Shops:
D:4 }   D:5 ?

Annotations:
D:4 2 transporters


Innate Abilities, Weirdness & Mutations

You reflexively headbutt those who attack you in melee.
You have a pair of horns on your head.


Message History

The bolt of electricity hits you.
The electric eel shoots out a bolt of lightning at you!
The bolt of electricity hits you.
The electric eel shoots out a bolt of lightning at you!
The bolt of electricity misses you.
The electric eel shoots out a bolt of lightning at you!
The bolt of electricity hits you!
* * * LOW HITPOINT WARNING * * *
The electric eel shoots out a bolt of lightning at you!
The bolt of electricity hits you!
* * * LOW HITPOINT WARNING * * *
The electric eel shoots out a bolt of lightning at you!
The bolt of electricity hits you!
* * * LOW HITPOINT WARNING * * *
The electric eel shoots out a bolt of lightning at you!
The bolt of electricity hits you.
* * * LOW HITPOINT WARNING * * *
The electric eel shoots out a bolt of lightning at you!
The bolt of electricity hits you!
You die...

≈≈≈≈≈≈≈≈≈≈≈≈≈≈≈≈≈≈≈≈≈≈≈≈≈≈≈≈
≈≈≈≈≈≈≈≈≈≈≈≈;≈≈≈≈≈≈≈≈≈≈≈≈≈≈≈
.≈≈≈≈...≈.≈;.≈≈≈.≈≈≈≈≈≈≈.≈..
............................
............................
############..##############
#.## # ####.### #
#..@..)#############
#.####..............
#.####.#############
#.##...# # #.##.#.# #
#.##.#.# ###### ###......#
#..... #.......##
######.####
#.####..####.....<##..


You could see an electric eel.

Vanquished Creatures
  Grinder (D:6)
  A water moccasin (D:6)
  An ice beast (D:5)
  2 sky beasts
  An orc warrior (D:4)
  A phantom (D:6)
  A black bear (D:6)
  An ogre (D:4)
  3 big kobolds (D:6)
  A wyvern zombie (D:6)
  A water moccasin skeleton (D:4)
  3 wights (D:6)
  2 howler monkeys
  An orc priest (D:3)
  2 hounds
  7 orc wizards
  A centaur skeleton (D:5)
  Terence (D:2)
  A worker ant (D:4)
  A hound skeleton (D:4)
  8 adders
  9 gnolls
  2 white imps (D:6)
  An ufetubus (D:5)
  4 oozes
  4 worms
  2 dart slugs
  8 leopard geckos
  31 orcs
  3 giant cockroaches
  36 goblins
  20 hobgoblins
  11 jackals
  2 quokkas
  2 ball pythons
  5 bats
  12 frilled lizards (D:2)
  10 kobolds
  6 rats
209 creatures vanquished.

Vanquished Creatures (collateral kills)
  Pikel (D:6)
  Edmund (D:6)
  2 gnolls (D:6)
  3 goblins (D:6)
  7 hobgoblins (D:6)
14 creatures vanquished.

Vanquished Creatures (others)
  A kobold (D:6)
  10 plants (D:2)
11 creatures vanquished.

Grand Total: 234 creatures vanquished

Notes
Turn   | Place    | Note
-------+----------+-------------------------------------------
     0 | D:1      | dtburroughs the Minotaur Berserker began the quest for the
                  | Orb.
     0 | D:1      | Reached XP level 1. HP: 19/19 MP: 0/0
   190 | D:1      | Reached XP level 2. HP: 22/27 MP: 1/1
   614 | D:1      | Reached ** piety under Trog
   782 | D:1      | Reached XP level 3. HP: 29/33 MP: 2/2
  1342 | D:2      | Found a sacrificial altar of Ru.
  1475 | D:2      | Reached XP level 4. HP: 33/41 MP: 3/3
  1833 | D:2      | Found a sparkling altar of Nemelex Xobeh.
  2255 | D:2      | Found a faded altar of an unknown god.
  2255 | D:2      | Noticed Terence
  2285 | D:2      | Killed Terence
  2509 | D:3      | Reached XP level 5. HP: 47/47 MP: 4/4
  2630 | D:3      | Reached *** piety under Trog
  2692 | D:3      | Reached skill level 5 in Fighting
  2697 | D:3      | Reached skill level 5 in Axes
  2894 | D:3      | Reached XP level 6. HP: 55/56 MP: 5/5
  3645 | D:4      | Found a hide-covered altar of Uskayaw.
  3651 | D:4      | Reached **** piety under Trog
  3675 | D:4      | Noticed a sky beast
  3681 | D:4      | Killed a sky beast
  3682 | D:4      | Reached XP level 7. HP: 59/62 MP: 6/6
  3698 | D:4      | Reached skill level 5 in Armour
  3872 | D:4      | Found a staircase to the Ecumenical Temple.
  3951 | D:4      | Found Hesade's Gadget Shop.
  4008 | D:4      | Reached skill level 5 in Dodging
  4166 | D:4      | Found a transporter.
  4174 | D:4      | Found a transporter.
  4446 | D:5      | Entered Level 5 of the Dungeon
  4487 | D:5      | Found Xaisic's Magic Scroll Emporium.
  4767 | D:5      | Reached XP level 8. HP: 71/71 MP: 7/7
  5030 | D:5      | Reached skill level 1 in Shields
  5217 | D:6      | Found a stormy altar of Qazlal.
  5266 | D:6      | Reached skill level 1 in Evocations
  5585 | D:6      | Found a radiant altar of Vehumet.
  5673 | D:6      | Reached ***** piety under Trog
  5970 | D:6      | Noticed Grinder
  5977 | D:6      | Killed Grinder
  5978 | D:6      | Reached XP level 9. HP: 79/79 MP: 8/8
  6167 | D:6      | Noticed Edmund
  6167 | D:6      | Noticed Pikel
  6175 | D:6      | Killed Pikel
  6178 | D:6      | Killed Edmund
  6188 | D:6      | Received a gift from Trog
  6384 | D:6      | Killed from afar by an electric eel

Illustrated notes

Levels and vault maps discovered:
D:1:      amcnicky_arrival_underground_garden, layout_basic
D:2:      layout_loops_ring, overflow_temple_1_default, hangedman_ru_absence,
          chequers_ecumenical_altar_simple, supply_closet_lemuel,
          palyth_stone_intersect, minmay_lizard_king, uniq_terence
D:3:      layout_loops_ring, minmay_misc_feat_plants
D:4:      layout_basic, gammafunk_temple_overflow_arena,
          minmay_temple_entry_wispy, serial_shops, nicolae_shop_statue_plus,
          minmay_manual_mess
D:5:      layout_basic, serial_shops, nicolae_shop_waterfront
D:6:      minmay_goblin_kobold_castle, layout_loops_cross, fiery_altar_vehumet,
          chequers_decorated_corner, minmay_misc_feat_encased,
          nicolae_qazlal_general_emergency, uniq_pikel, uniq_grinder,
          uniq_edmund

Skill      XL: |  1  2  3  4  5  6  7  8  9 |
---------------+----------------------------+-----
Axes           | 4 5 6 7 |  7.8
Fighting       | 4 5 6 7 |  7.9
Armour         | 3 4 5 6 7 |  7.2
Dodging        | 3 4 5 6 |  6.7
Shields        | 3 4 |  4.0
Evocations     | 2 |  2.9

Action                   |  1- 3 |  4- 6 |  7- 9 || total
-------------------------+-------+-------+-------++-------
Melee: Hand axe          |    64 |   171 |       ||   235
       Headbutt          |     9 |    33 |    57 ||    99
       War axe           |       |    46 |   266 ||   312
       Broad axe         |       |       |     4 ||     4
Invok: Trog's Hand       |       |     1 |       ||     1
       Brothers in Arms  |       |       |     1 ||     1
Armor: Animal skin       |     7 |       |       ||     7
       Ring mail         |     5 |    11 |       ||    16
       Chain mail        |       |    80 |   138 ||   218
Dodge: Dodged            |    43 |   111 |   134 ||   288
Block: Tower shield      |       |       |   176 ||   176
